 Dungeon Crawl Stone Soup version 0.24-a0-335-g06ca16a (webtiles) character file.

Game seed: 16350121507230244824

337 Borgoz the Slasher (level 6, 0/53 HPs)
             Began as a Hill Orc Gladiator on May 19, 2019.
             Succumbed to a worker ant's poison
             ... on level 4 of the Dungeon.
             The game lasted 00:04:18 (3140 turns).

Borgoz the Slasher (Hill Orc Gladiator)             Turns: 3140, Time: 00:04:19

Health: 0/53       AC:  6    Str: 17    XL:     6   Next: 54%
Magic:  6/6        EV: 12    Int:  8    God:
Gold:   157        SH:  0    Dex: 14    Spells: 5/5 levels left

rFire    . . .     SeeInvis .   a - +0 long sword
rCold    . . .     Gourm    .   (no shield)
rNeg     . . .     Faith    .   e - +0 ring mail
rPois    .         Spirit   .   c - +0 helmet
rElec    .         Reflect  .   (no cloak)
rCorr    .         Harm     .   (no gloves)
MR       +....                  (no boots)
Stlth    +.........             (no amulet)
HPRegen  0.17/turn              g - ring of protection from magic
MPRegen  0.10/turn              (no ring)

@: lethally poisoned (0 -> -5)
A: no striking features
a: no special abilities


You were on level 4 of the Dungeon.
You were hungry.

You visited 1 branch of the dungeon, and saw 4 of its levels.

You collected 157 gold pieces.

Inventory:

Hand Weapons
 a - a +0 long sword (weapon)
 m - a +1 falchion of holy wrath
Missiles
 d - 3 throwing nets (quivered)
Armour
 c - a +0 helmet (worn)
 e - a +0 ring mail (worn)
Jewellery
 g - a ring of protection from magic (left hand)
 l - an uncursed ring of fire {unknown}
Wands
 n - a wand of flame (18)
Scrolls
 b - 3 scrolls of remove curse {unknown}
 h - 4 scrolls of identify {unknown}
 i - a scroll of noise {unknown}
 j - 3 scrolls of enchant weapon {unknown}
Comestibles
 f - 7 rations
 o - 5 chunks of flesh


   Skills:
 + Level 4.5 Fighting
 + Level 4.8 Long Blades
 + Level 3.3 Throwing
 + Level 3.5 Dodging


You had 5 spell levels left.
You didn't know any spells.
Your spell library contained the following spells:

 Spells                   Type           Power        Failure   Level  Hunger
 Animate Skeleton         Necr           N/A          63%         1    ##.....
 Apportation              Tloc           #.....       63%         1    ##.....
 Confusing Touch          Hex            #.....       63%         1    ##.....
 Summon Small Mammal      Summ           #...         63%         1    ##.....


Dungeon Overview and Level Annotations

Branches:
Dungeon (4/15)
 Temple: D:4-7

Altars:
Nemelex Xobeh
Trog
Uskayaw


Message History

Your ring mail prevents you from hitting the worker ant.
The worker ant is severely wounded.
The worker ant barely misses you.
You hit the worker ant.
The worker ant is severely wounded.
The worker ant barely misses you.
You riposte.
You hit the worker ant.
The worker ant is almost dead.
You barely miss the worker ant.
The worker ant is almost dead.
The worker ant barely misses you.
The worker ant bites you but does no damage.
You hit the worker ant but do no damage.
The worker ant is almost dead.
The worker ant bites you!
* * * LOW HITPOINT WARNING * * *
You are lethally poisoned!
The worker ant poisons you!
You slash the worker ant!
You kill the worker ant!
You die...

#.... #.... #
##... #### .#
#.... ##..##
##..######....
##....#
............##.
##.....## #...#
#<.## ##.......##
##..# ##..#
##.........####@.#
###.
#$.........##s.###
##
#..........o{### #
#.........$.##
#.).........#
#...........#
#...........#
##.........##
###........##


You could see a scorpion and an orc.

Vanquished Creatures
  A water moccasin skeleton (D:4)
  An orc priest (D:4)
  A hound (D:4)
  Jessica (D:3)
  3 worker ants
  Robin (D:2)
  2 adders (D:2)
  An ooze (D:1)
  An adder skeleton (D:4)
  2 dart slugs
  2 leopard geckos
  9 orcs
  4 giant cockroaches
  14 hobgoblins
  6 jackals
  2 quokkas (D:3)
  A ball python (D:2)
  A bat (D:2)
  2 frilled lizards
  16 goblins
  7 kobolds
  10 rats
88 creatures vanquished.

Notes
Turn   | Place    | Note
-------+----------+-------------------------------------------
     0 | D:1      | Borgoz the Hill Orc Gladiator began the quest for the Orb.
     0 | D:1      | Reached XP level 1. HP: 18/18 MP: 1/1
   283 | D:1      | Reached XP level 2. HP: 25/25 MP: 2/2
   573 | D:1      | Reached XP level 3. HP: 26/31 MP: 3/3
  1067 | D:2      | Reached XP level 4. HP: 12/38 MP: 4/4
  1312 | D:2      | You fall through a shaft!
  1325 | D:3      | Found a hide-covered altar of Uskayaw.
  1362 | D:3      | Found a sparkling altar of Nemelex Xobeh.
  1772 | D:2      | Noticed Robin
  1808 | D:2      | Killed Robin
  1808 | D:2      | Reached XP level 5. HP: 32/46 MP: 5/5
  2573 | D:3      | Found a bloodstained altar of Trog.
  2627 | D:3      | Found a bloodstained altar of Trog.
  2806 | D:3      | Noticed Jessica
  2808 | D:3      | Killed Jessica
  2925 | D:4      | Reached XP level 6. HP: 30/53 MP: 6/6
  3139 | D:4      | HP: 1/53 [worker ant (7)]
  3140 | D:4      | Succumbed to a worker ant's poison

Levels and vault maps discovered:
D:1:      scummos_arrival_forest, layout_basic
D:2:      layout_basic, feat_on_display, uniq_robin
D:3:      layout_loops_ring, lightli_temple_of_fire, lemuel_doored_altar,
          eat_drink_and_be_merry_uskayaw, trog_butcher_becter, uniq_jessica
D:4:      layout_cave_pods, minmay_temple_entry_gardened_gates

Skill      XL: |  1  2  3  4  5 |
---------------+----------------+-----
Throwing       | 2 3 |  3.3
Fighting       | 3 4 |  4.5
Dodging        | 3 |  3.5
Long Blades    | 4 |  4.8

Action                   |  1- 3 |  4- 6 || total
-------------------------+-------+-------++-------
Melee: Long sword        |    70 |   177 ||   247
  Use: Potion            |     2 |     3 ||     5
  Eat: Chunk             |     1 |     6 ||     7
Armor: Leather armour    |     3 |       ||     3
       Ring mail         |    28 |    77 ||   105
Dodge: Dodged            |    55 |   147 ||   202
       Rpst.: Long sword |    14 |    45 ||    59

Table legend:
 A = Non-vault XP
 B = Vault XP
 C = Vault XP percentage of total XP
 D = Non-vault monster count
 E = Vault monster count
 F = Vault count percentage of total count
                 A         B        C        D         E       F
            +---------+---------+-------+---------+---------+-------
      Total |     402 |      80 |  16.6 |      71 |      17 |  19.3
            +---------+---------+-------+---------+---------+-------
        D:1 |      51 |       0 |   0.0 |      27 |       0 |   0.0
        D:2 |      81 |      36 |  30.8 |      17 |      12 |  41.4
        D:3 |      39 |      44 |  53.0 |      18 |       5 |  21.7
        D:4 |     231 |       0 |   0.0 |       9 |       0 |   0.0
            +---------+---------+-------+---------+---------+-------
